 Dungeon Crawl Stone Soup version 0.31-a0-844-gdc52ec4e09 (webtiles) character file.

Game seed: 1258315519450027432

325362 BinkBink the Warrior (level 21, -9/125 HPs)
             Began as a Barachi Summoner on Sept 28, 2023.
             Was the Champion of Cheibriados.
             Mangled by a bone dragon (11 damage)
             ... on level 4 of the Abyss on Sept 29, 2023.
             The game lasted 05:41:48 (70480 turns).

BinkBink the Warrior (Barachi Summoner)            Turns: 70480, Time: 05:41:48

Health: -9/125     AC: 15    Str: 18 (20) XL:     21   Next: 62%
Magic:  1/40       EV: 26    Int: 52      God:    Cheibriados [******]
Gold:   1907       SH: 15    Dex: 28      Spells: 11/51 levels left

rFire   + + .        v - +6 hand axe of the Fulmar {elec, Drain Int+5}
rCold   + + .        z - +0 kite shield
rNeg    + + .        K - +0 steam dragon scales
rPois   +            N - +2 helmet of the Kodama {Harm rElec rCorr Str-2}
rElec   +            I - scarf "Geschoru" {harm, rCorr Int+2}
rCorr   +            Q - +1 pair of gloves "Utatafel" {rF+ rC+ rN+}
SInv    .            a - +0 pair of boots "Ingi Zuc" {rElec rPois rCorr}
Will    +....        M - amulet of Munkeubi {Faith rElec rPois Regen+ Stlth-}
Stlth   ++           J - ring "Degan" {rElec rPois rF+ rC+}
HPRegen 1.20/turn    X - ring "Rotrar" {Fly rN+ Int+5 Slay-4}
MPRegen 0.27/turn

%: harm (+45% outgoing, +30% incoming), faith
@: brilliant, unable to hop, flying, very slow
A: amphibious, slowness 1, strong legs 2, +LOS, deterioration 1, weak 2, subdued
magic 1, [frail 3], screaming 1[+1], [inability to read after injury 1]
}: 2/15 runes: barnacled, gossamer
a: Hop, Renounce Religion, Bend Time, Temporal Distortion, Slouch, Step From
Time


You were on level 4 of the Abyss.
You worshipped Cheibriados.
Cheibriados was exalted by your worship.
You visited 9 branches of the dungeon, and saw 40 of its levels.
You visited the Abyss 4 times.
You also visited: Bailey and Gauntlet.

You collected 4053 gold pieces.
You spent 2146 gold pieces at shops.

Inventory:

Hand Weapons
 v - the +6 hand axe of the Fulmar (weapon) {elec, Drain Int+5}
   (You found it on level 1 of the Lair of Beasts)

   Int+5:     It affects your intelligence (+5).
   Drain:     It drains your maximum health when unequipped.
 H - the +8 demon blade "Leech" {evervamp, Harm Drain rN+}
   (You took it off a deep elf demonologist on level 3 of the Elven Halls)

   rN+:       It protects you from negative energy.
   Drain:     It drains your maximum health when unequipped.
   Harm:      It increases damage dealt and taken.
 U - the +7 hand axe of the Maze {freeze, Drain rN+ rCorr Int+8}
   (You took it off a merfolk on level 4 of the Shoals)

   Int+8:     It affects your intelligence (+8).
   rN+:       It protects you from negative energy.
   rCorr:     It protects you from acid and corrosion.
   Drain:     It drains your maximum health when unequipped.
Armour
 a - the +0 pair of boots "Ingi Zuc" (worn) {rElec rPois rCorr}
   (You bought it in a shop on level 2 of the Orcish Mines)

   rElec:     It insulates you from electricity.
   rPois:     It protects you from poison rCorr: It protects you from acid and
   corrosion.
 z - a +0 kite shield (worn)
 I - the scarf "Geschoru" (worn) {harm, rCorr Int+2}
   (You bought it in a shop on level 6 of the Dungeon)

   Int+2:     It affects your intelligence (+2).
   rCorr:     It protects you from acid and corrosion.
 K - +0 steam dragon scales (worn)
 N - the +2 helmet of the Kodama (worn) {Harm rElec rCorr Str-2}
   (You bought it in a shop on level 6 of the Dungeon)

   Str-2:     It affects your strength (-2).
   rElec:     It insulates you from electricity.
   rCorr:     It protects you from acid and corrosion.
   Harm:      It increases damage dealt and taken.
 Q - the +1 pair of gloves "Utatafel" (worn) {rF+ rC+ rN+}
   (You bought it in a shop on level 6 of the Dungeon)

   rF+:       It protects you from fire.
   rC+:       It protects you from cold.
   rN+:       It protects you from negative energy.
 W - the +0 mask of the Dragon {Will+ Slay+3 SInv}
   (You found it in a Gauntlet)

   Slay+3:    It affects your accuracy & damage with ranged weapons and melee
   (+3).
   Will+:     It increases your willpower.
   SInv:      It lets you see invisible.
 Z - a +0 crystal plate armour
Jewellery
 d - the ring "Riplu" {Contam rPois Will- Dex+9 Slay+4}
   (You took it off a deep elf high priest on level 3 of the Elven Halls)

   [ring of slaying]

   Dex+9:     It affects your dexterity (+9).
   Slay+4:    It affects your accuracy & damage with ranged weapons and melee
   (+4).
   rPois:     It protects you from poison Will-: It decreases your willpower.
   Contam:    It causes magical contamination when unequipped.
 j - the ring "Miqoal" {rElec rPois rF+ SInv Stlth+}
   (You found it on level 1 of the Elven Halls)

   [ring of poison resistance]

   rF+:       It protects you from fire.
   rElec:     It insulates you from electricity.
   rPois:     It protects you from poison SInv: It lets you see invisible.
   Stlth+:    It makes you more stealthy.
 x - the ring "Noracs" {rPois rC+ MP+9}
   (You took it off a deep elf pyromancer on level 3 of the Elven Halls)

   [ring of magical power]

   rC+:       It protects you from cold.
   rPois:     It protects you from poison MP+9: It affects your magic capacity
   (+9).
 G - a +6 ring of intelligence
 J - the ring "Degan" (left hand) {rElec rPois rF+ rC+}
   (You bought it in a shop on level 2 of the Orcish Mines)

   [ring of poison resistance]

   rF+:       It protects you from fire.
   rC+:       It protects you from cold.
   rElec:     It insulates you from electricity.
   rPois:     It protects you from poison
 M - the amulet of Munkeubi (around neck) {Faith rElec rPois Regen+ Stlth-}
   (You acquired it on level 1 of the Depths)

   [amulet of faith]

   Faith:     It allows you to gain divine favour quickly.
   rElec:     It insulates you from electricity.
   rPois:     It protects you from poison Regen+: It increases your rate of
   health regeneration.
   Stlth-:    It makes you less stealthy.
 T - the macabre finger necklace {Finger+ rN+}
   (You took it off a deep elf elementalist on level 3 of the Elven Halls)

   [amulet of nothing]

   Finger+:   It enables you to equip an extra ring.
   rN+:       It protects you from negative energy.
 X - the ring "Rotrar" (right hand) {Fly rN+ Int+5 Slay-4}
   (You found it in a Gauntlet)

   [ring of positive energy]

   Int+5:     It affects your intelligence (+5).
   Slay-4:    It affects your accuracy & damage with ranged weapons and melee
   (-4).
   rN+:       It protects you from negative energy.
   Fly:       It grants you flight.
 Y - the ring of Axenn {MP+9 Str+4 Dex+3}
   (You took it off Ilsuiw on level 4 of the Shoals)

   [ring of magical power]

   Str+4:     It affects your strength (+4).
   Dex+3:     It affects your dexterity (+3).
   MP+9:      It affects your magic capacity (+9).
Wands
 c - a wand of mindburst (30)
 g - a wand of iceblast (24)
 l - a wand of quicksilver (8)
 o - a wand of polymorph (8)
 F - a wand of digging (6)
 R - a wand of paralysis (17)
 V - a wand of flame (43)
Scrolls
 b - a scroll of silence
 e - 4 scrolls of teleportation
 n - 9 scrolls of revelation
 r - 24 scrolls of identify
 y - 5 scrolls of fear
 A - a scroll of butterflies
 L - 4 scrolls of fog
 O - 2 scrolls of enchant armour
 P - 9 scrolls of enchant weapon
 S - 3 scrolls of poison
Potions
 f - 6 potions of invisibility
 h - 3 potions of berserk rage
 i - 10 potions of haste
 k - 5 potions of resistance
 m - 4 potions of cancellation
 p - 12 potions of curing
 q - 6 potions of might
 s - 6 potions of enlightenment
 t - 4 potions of attraction
 u - 9 potions of lignification
 w - 2 potions of heal wounds
 C - 2 potions of mutation
 D - 6 potions of ambrosia
 E - a potion of brilliance


   Skills:
 + Level 18.8 Fighting
 + Level 17.3 Axes
 + Level 12.0 Armour
 - Level 14.4 Dodging
 - Level 1.8 Stealth
 - Level 12.9 Shields
 - Level 15.9 Spellcasting
 - Level 6.5 Hexes
 - Level 15.7 Summonings
 - Level 7.8 Necromancy
 + Level 6.6 Translocations
 - Level 6.1 Air Magic
 + Level 7.8 Invocations


You had 11 spell levels left.
You knew the following spells:

 Your Spells              Type           Power      Damage    Failure   Level
a - Summon Small Mammal   Summ           100%       N/A       0%          1
b - Call Imp              Summ           100%       N/A       0%          2
c - Call Canine Familiar  Summ           100%       N/A       0%          3
d - Summon Guardian Gole  Hex/Summ       100%       N/A       0%          3
e - Summon Lightning Spi  Summ/Air       100%       N/A       1%          4
f - Anguish               Hex/Necr       46%        N/A       1%          4
g - Summon Hydra          Summ           63%        N/A       1%          7
h - Monstrous Menagerie   Summ           63%        N/A       1%          7
i - Haunt                 Necr/Summ      56%        N/A       3%          7
j - Blink                 Tloc           100%       N/A       1%          2

Your spell library contained the following spells:

 Spells                   Type           Power      Damage    Failure   Level
 Shock                    Conj/Air       100%       1d9       1%          1
 Sting                    Tmut/Pois      100%       1d8       1%          1
 Cigotuvi's Dreadful Rot  Necr/Pois/Air  100%       N/A       1%          2
 Ensorcelled Hibernation  Hex/Ice        100%       N/A       1%          2
 Jinxbite                 Hex            100%       N/A       1%          2
 Lesser Beckoning         Tloc           100%       N/A       1%          2
 Momentum Strike          Conj/Tloc      100%       3d10      1%          2
 Poisonous Vapours        Pois/Air       100%       N/A       1%          2
 Sublimation of Blood     Necr           97%        N/A       1%          2
 Inner Flame              Hex/Fire       72%        N/A       1%          3
 Swiftness                Air            89%        N/A       1%          3
 Airstrike                Air            44%        2d(7-23)  1%          4
 Animate Dead             Necr           97%        N/A       1%          4
 Dispel Undead            Necr           97%        3d30      1%          4
 Vhi's Electric Charge    Tloc/Air       100%       N/A       1%          4
 Agony                    Necr           97%        N/A       1%          5
 Summon Forest            Summ/Tloc      55%        N/A       1%          5
 Borgnjor's Vile Clutch   Necr/Erth      38%        N/A       3%          5
 Arcjolt                  Conj/Air       35%        1d45      4%          5
 Flame Wave               Conj/Fire      47%        2d12      6%          4
 Olgreb's Toxic Radiance  Pois           47%        N/A       6%          4
 Petrify                  Tmut/Erth      47%        N/A       6%          4
 Sticky Flame             Conj/Fire      47%        2d6       6%          4
 Alistair's Intoxication  Tmut/Pois      31%        N/A       19%         5
 Simulacrum               Ice/Necr       38%        N/A       21%         6
 Eringya's Noxious Bog    Tmut/Pois      23%        4d6       71%         6
 Infestation              Necr           48%        N/A       87%         8
 Maxwell's Capacitive Co  Air            44%        ∞         98%         8


Dungeon Overview and Level Annotations

Branches:
Dungeon (15/15)            Temple (1/1) D:4            Lair (5/5) D:10
 Shoals (4/4) Lair:3       Spider (4/4) Lair:2        Slime (5/5) Lair:5
    Orc (2/2) D:10            Elf (3/3) Orc:2        Vaults (0/5) D:13
 Depths (1/4) D:15         Bailey (visited)         Gauntlet (visited)

Altars:
Ashenzari
Cheibriados
Dithmenos
Elyvilon
Fedhas
Gozag
Hepliaklqana
Kikubaaqudgha
Makhleb
Nemelex Xobeh
Okawaru
Qazlal
Ru
Sif Muna
Trog
Uskayaw
Vehumet
Wu Jian
Xom
Yredelemnul
Zin
Jiyva

Shops:
D:6 [?   Orc:2 =!?[   Elf:2 [![(   Shoals:1 *

Portals:
Hell: Lair:5

Annotations:
D:10 exclusion: orange crystal statue
Slime:5 Royal Jelly
Elf:1 6 runed translucent doors, Rakso2454's ghost, journeyman AtBe
Elf:3 exclusions: obsidian statue and orange crystal statue


Innate Abilities, Weirdness & Mutations

You are amphibious.
You cover ground slowly.
You can hop long distances.
You have an extended range of vision and can be seen from far away.
Your body sometimes deteriorates upon taking damage.
You are very weak. (Str -4)
Your spells are a little easier to cast, but a little less powerful.
[You are extremely frail. (-30% HP)]
[You frequently scream uncontrollably at your foes.]
[You occasionally lose the ability to read scrolls when taking damage.]


Message History

* * * LOW HITPOINT WARNING * * *
You hold your ground!
Your sphinx hits the bone dragon!
Your sphinx barely misses the bone dragon.
Your sphinx hits the bone dragon.
Cleave: v) +6 hand axe of the Fulmar {elec, Drain Int+5}
Press: ? - help, Dir - move target, f - bone dragon
Aim: a bone dragon (moderately damaged, ally target, about 10% to evade the +6 hand axe of the Fulmar)
Okay, then.
Aiming: Dig
Press: ? - help, Shift-Dir - straight line, f - you Please select a direction to dig.
Okay, then.
Aiming: Dig
Press: ? - help, Shift-Dir - straight line Digging in that direction won't affect any walls.
A stone wall.
Okay, then.
Casting: Summon Lightning Spire (safe; 1% risk of failure)
Confirm with . or Enter, or press ? or * to list all spells.
You feel a surge of power!
You blink.
Your lindwurm misses the chaos spawn.
Your lindwurm claws the chaos spawn.
The chaos spawn dies!
Cheibriados appreciates the change of pace.
The chaos spawn degenerates into a cloud of primal chaos!
You swap places.
You feel ready to blink again.
Your sphinx hits the bone dragon but does no damage.
Your sphinx barely misses the bone dragon.
Your sphinx hits the bone dragon but does no damage.
You block the bone dragon's attack. x2; The bone dragon completely misses you.
Your sphinx hits the bone dragon!
Your sphinx hits the bone dragon but does no damage.
Your sphinx hits the bone dragon! The bone dragon bites you!
* * * LOW HITPOINT WARNING * * *
The bone dragon claws you!
* * * LOW HITPOINT WARNING * * *
The bone dragon closely misses you. Something hits your lightning spire!
Your sphinx mumbles some strange words.
The bone dragon seems to slow down.
The bone dragon bites you!
You die...

.. .. . ## ..#
##8# #.§# ##H##φ
# #D.###
#.##@..##
#..k##⌠.#####
#..#### ..⌠##.#
#.#...###..#.####
..
#.........⌠.⌠.#
#....#.##.⌠.##
....#.
....#⌠##### # .
#...#....# # # #
#......#.# #.⌠


You could see a bone dragon (slow, ally target), a friendly sphinx (summoned), a
friendly lindwurm (summoned) and a friendly lightning spire (summoned).

Vanquished Creatures
  Rupert (D:14)
  3 acid blobs (Slime:5)
  2 tentacled starspawn (Abyss:3)
  2 rockslimes
  2 deep elf sorcerers
  A deep elf elementalist (Elf:3)
  2 ghost moths (Spider:4)
  6 quicksilver oozes
  A deep elf annihilator (Elf:3)
  A lorocyproca (Abyss:4)
  A deep elf death mage (Elf:2)
  5 dancing weapons
  2 demonic crawlers
  6 deep elf knights
  A pharaoh ant (Spider:4)
  A sixfirhy (Abyss:4)
  A wizard (D:13)
  A necromancer (Abyss:2)
  A deep elf pyromancer (Elf:1)
  4 harpies
  A deep elf zephyrmancer (Elf:2)
  A wolf spider (Spider:4)
  2 orc sorcerers (Orc:2)
  A moth of wrath (Spider:3)
  A shining eye (Slime:1)
  3 elephants (Lair:5)
  A merfolk siren (Shoals:4)
  A black mamba (Lair:4)
  An apocalypse crab (Abyss:3)
  A water nymph (Shoals:4)
  A torpor snail (Spider:1)
  A hellion (Abyss:2)
  A troll (D:12)
  A meliai (shapeshifter) (Abyss:2)
  A raiju (Abyss:4)
  A wind drake (Shoals:4)
  A hornet (Spider:4)
  2 nameless horrors
  5 tarantellas
  3 large abominations
  6 jumping spiders
  5 slime creatures
  3 culicivoras
  A shadow (D:13)
  3 water elementals
  A golden eye (Slime:4)
  2 vampire mosquitoes (D:12)
  A neqoxec (Abyss:3)
  4 redbacks
  A harpy simulacrum (Abyss:2)
  A hell hound (Abyss:2)
  2 ogres (Orc:2)
  2 small abominations (Abyss:4)
  2 bullfrogs
  4 starcursed masses (Abyss:4)
  7 orc wizards (Orc:2)
  An adder (Lair:3)
  9 orcs
  2 goblins
  A quokka (D:2)
  2 kobolds (Abyss:3)
134 creatures vanquished.

Vanquished Creatures (collateral kills)
  A tentacled monstrosity (Abyss:4)
  A deep elf master archer (Elf:3)
  3 deep elf blademasters
  18 acid blobs
  Polyphemus (Shoals:2)
  Agnes (Elf:1)
  6 tentacled starspawn
  Kirke (Shoals:1)
  7 azure jellies
  7 rockslimes
  Donald (Elf:1)
  3 emperor scorpions
  Ilsuiw (Shoals:4)
  6 deep elf sorcerers
  A fire giant (D:15)
  4 deep elf elementalists
  A ghost moth (Abyss:3)
  Louise (Elf:1)
  13 quicksilver oozes
  2 broodmothers
  Azrael (D:14)
  5 deep elf demonologists (Elf:3)
  8 deep elf annihilators (Elf:3)
  3 spark wasps
  A green death (Abyss:3)
  Josephine (D:15)
  7 merfolk impalers (Shoals:4)
  6 merfolk javelineers
  2 deep elf high priests (Elf:3)
  3 deep elf death magi
  4 entropy weavers
  2 fire dragons (Abyss:4)
  A rakshasa (Abyss:3)
  A caustic shrike simulacrum (Abyss:2)
  4 great orbs of eyes
  Fannar (Lair:3)
  4 hydras
  2 jorogumos
  2 death knights
  6 catoblepae
  3 alligator snapping turtles (Shoals:4)
  7 centaur warriors
  5 radroaches
  7 merfolk aquamancers (Shoals:4)
  9 boulder beetles
  22 dancing weapons
  A death scarab (Spider:3)
  2 two-headed ogres
  2 satyrs
  An orc high priest (Orc:1)
  4 death yaks
  6 demonic crawlers
  2 thrashing horrors (Abyss:3)
  13 deep elf knights
  3 wretched stars
  A spatial maelstrom (Abyss:3)
  2 skeletal warriors (D:15)
  5 skysharks
  6 pharaoh ants
  A sun moth (Spider:3)
  6 orb spiders
  13 sea snakes
  A spriggan simulacrum (Abyss:2)
  2 glowing orange brains
  2 wizards
  9 deep elf archers
  2 orc knights
  A phantasmal warrior (D:14)
  9 harpies
  A necromancer (Elf:1)
  2 steelbarb worms
  15 deep elf pyromancers
  16 deep elf zephyrmancers
  8 starcursed masses
  16 wolf spiders
  4 orc sorcerers (Orc:2)
  22 manticores
  3 shining eyes
  2 worldbinders
  8 cyclopes
  A salamander (shapeshifter) (D:15)
  3 moths of wrath
  13 fauns
  8 ugly things
  10 merfolk sirens
  20 elephants
  A will-o-the-wisp (Abyss:3)
  7 black mambas
  A black mamba (shapeshifter) (Elf:1)
  4 smoke demons
  2 gargoyles (D:13)
  7 cane toads
  An apocalypse crab (Abyss:2)
  4 torpor snails
  5 rime drakes
  8 water nymphs
  3 freezing wraiths
  2 efreet
  2 kobold demonologists
  2 ancient zymes (Abyss:3)
  13 komodo dragons
  An ice devil (Lair:5)
  5 trolls
  35 merfolk
  A hellwing (Lair:5)
  4 wind drakes
  A meliai (shapeshifter) (D:15)
  24 tarantellas
  4 polar bears
  4 hornets (Spider:4)
  9 blink frogs
  17 raiju
  4 flying skulls (Abyss:2)
  11 snapping turtles
  54 slime creatures
  4 air elementals
  2 shadows
  20 jumping spiders
  20 culicivoras
  6 wyverns
  43 yaks
  A ynoxinul (Abyss:4)
  2 nameless horrors
  A vampire (Abyss:3)
  8 wraiths
  7 basilisks
  4 fire bats (Abyss:3)
  11 water elementals
  7 golden eyes
  7 chaos spawn
  5 hogs (Shoals:1)
  10 vampire mosquitoes
  6 fire elementals
  43 redbacks
  Grum (D:11)
  3 wargs
  An acid dragon (D:12)
  26 water moccasins
  10 hell hounds
  A swamp drake (Lair:3)
  11 large abominations
  14 orc warriors
  A sky beast (D:7)
  An ice beast (D:6)
  2 black bears
  5 ogres
  8 wolves
  8 centaurs
  2 phantoms (D:5)
  A kobold brigand (D:8)
  12 bullfrogs
  2 elf zombies (Elf:1)
  A gnoll sergeant (D:7)
  10 small abominations
  9 scorpions
  2 earth elementals (Elf:2)
  3 killer bees
  4 howler monkeys
  3 electric eels (D:10)
  A crimson imp (Abyss:2)
  A quasit (Abyss:2)
  Crazy Yiuf (D:3)
  6 hounds
  A jelly (Lair:5)
  10 orc priests
  3 sleepcaps
  Jessica (D:3)
  6 iguanas
  Natasha (D:3)
  30 orc wizards
  Robin (D:3)
  10 gnolls
  23 adders
  6 shadow imps
  3 white imps
  6 ufetubi
  3 worms
  A dart slug (D:1)
  70 orcs
  3 endoplasms
  3 giant cockroaches
  10 goblins
  12 hobgoblins
  3 jackals (D:4)
  12 kobolds
  A quokka (D:2)
  10 ball pythons
  5 bats
  7 frilled lizards
  7 rats
  6 starspawn tentacles
1289 creatures vanquished.

Vanquished Creatures (others)
  An azure jelly (Slime:5)
  A deep elf sorcerer (Elf:3)
  3 emperor scorpions (Spider:4)
  2 deep elf elementalists (Elf:3)
  A quicksilver ooze (Slime:5)
  A minotaur (Gauntlet)
  A merfolk impaler (Shoals:4)
  A two-headed ogre (D:10)
  4 death yaks (Lair:5)
  Urug (Lair:3)
  A deep elf knight (Elf:1)
  2 skysharks (Lair:3)
  A pharaoh ant (Spider:2)
  A skeletal warrior (D:15)
  A sixfirhy (Lair:5)
  2 deep elf archers (Elf:1)
  2 wizards (Gauntlet)
  A steelbarb worm (Spider:3)
  A wolf spider (Spider:3)
  2 orc sorcerers (Orc:2)
  A mana viper (Abyss:2)
  3 elephants
  2 molten gargoyles (Gauntlet)
  2 cane toads
  3 orange demons (Lair:5)
  3 gargoyles
  3 komodo dragons
  An ice devil (Lair:5)
  A troll (D:10)
  A merfolk (Shoals:4)
  A hornet (D:7)
  2 wind drakes
  2 culicivoras (Spider:2)
  26 yaks
  A shadow (D:11)
  A wraith (D:15)
  A steam dragon (D:9)
  A redback (Spider:3)
  4 vampire mosquitoes
  3 water moccasins (Lair:3)
  2 orc warriors
  2 black bears (D:6)
  An ogre (D:10)
  A wolf (D:10)
  2 centaurs (Shoals:3)
  7 killer bees
  3 electric eels (D:10)
  An iguana (D:11)
  3 orc wizards
  2 gnolls (Bailey)
  2 adders (Lair:3)
  4 orcs
  A lurking horror (Abyss:2)
  22 starspawn tentacles
145 creatures vanquished.

Grand Total: 1568 creatures vanquished

Notes
Turn   | Place    | Note
-------+----------+-------------------------------------------
     0 | D:1      | BinkBink the Barachi Summoner began the quest for the Orb.
     0 | D:1      | Reached XP level 1. HP: 13/13 MP: 3/3
   202 | D:1      | Reached skill level 5 in Summonings
   244 | D:1      | Reached XP level 2. HP: 19/19 MP: 1/5
   931 | D:1      | Learned a level 2 spell: Call Imp
   960 | D:2      | Reached XP level 3. HP: 24/24 MP: 1/7
  1374 | D:2      | Reached XP level 4. HP: 30/30 MP: 5/9
  2228 | D:2      | Learned a level 3 spell: Call Canine Familiar
  2248 | D:3      | Found a faded altar of an unknown god.
  2461 | D:3      | Reached XP level 5. HP: 29/35 MP: 1/10
  2844 | D:3      | Noticed Robin
  2862 | D:3      | Killed Robin
  2949 | D:3      | Noticed Jessica
  2980 | D:3      | Killed Jessica
  3064 | D:3      | Found a runed translucent door.
  3065 | D:3      | Noticed Crazy Yiuf
  3211 | D:3      | Noticed Natasha
  3219 | D:3      | Killed Natasha
  3511 | D:4      | Reached XP level 6. HP: 41/41 MP: 7/13
  3769 | D:4      | Reached skill level 5 in Spellcasting
  3781 | D:4      | Found a staircase to the Ecumenical Temple.
  3810 | Temple   | Entered the Ecumenical Temple
  3833 | Temple   | Became a worshipper of Cheibriados the Contemplative
  4076 | D:4      | Found a shadowy altar of Dithmenos.
  4524 | D:5      | Entered Level 5 of the Dungeon
  4532 | D:5      | Reached XP level 7. HP: 43/46 MP: 7/15
  4867 | D:5      | Reached * piety under Cheibriados
  4894 | D:5      | Found a sacrificial altar of Ru.
  5243 | D:5      | Reached XP level 8. HP: 39/52 MP: 9/17
  5621 | D:6      | Learned a level 3 spell: Summon Guardian Golem
  5746 | D:6      | Reached skill level 1 in Hexes
  5888 | D:6      | Got a foxed book
  6127 | D:6      | Noticed a wraith
  6128 | D:6      | Reached ** piety under Cheibriados
  6137 | D:6      | Killed a wraith
  6138 | D:6      | Reached skill level 10 in Summonings
  6144 | D:6      | Reached XP level 9. HP: 57/57 MP: 12/20
  6295 | D:6      | Found Afohuh's Magic Scroll Shop.
  6304 | D:6      | Bought 2 scrolls of identify for 56 gold pieces
  6304 | D:6      | Bought a scroll of teleportation for 42 gold pieces
  6424 | D:6      | Found Zicaon's Antique Armour Shop.
  7012 | D:7      | Noticed a hornet
  7022 | D:7      | Killed a hornet
  7284 | D:7      | Reached skill level 5 in Hexes
  8812 | D:8      | Reached *** piety under Cheibriados
  9104 | D:6      | Bought a heavily runed scarf for 250 gold pieces
  9104 | D:6      | Identified the scarf "Geschoru" {harm, rCorr Int+2} (You
                  | bought it in a shop on level 6 of the Dungeon)
  9184 | D:9      | Reached XP level 10. HP: 63/63 MP: 16/23
  9328 | D:9      | Found the +5 Force Lance {heavy, knockback}
  9498 | D:9      | Found a flagged portal.
  9505 | Bailey   | Entered a bailey
  9511 | Bailey   | Learned a level 4 spell: Summon Lightning Spire
  9830 | Bailey   | Reached skill level 1 in Air Magic
  9849 | Bailey   | Reached **** piety under Cheibriados
 11449 | D:10     | Entered Level 10 of the Dungeon
 11449 | D:10     | Noticed a two-headed ogre
 11449 | D:10     | Found a staircase to the Orcish Mines.
 11455 | D:10     | Reached skill level 10 in Spellcasting
 11458 | D:10     | Killed a two-headed ogre
 11622 | D:10     | Reached ***** piety under Cheibriados
 11623 | D:10     | Reached skill level 5 in Air Magic
 11652 | D:10     | Reached XP level 11. HP: 19/68 MP: 6/25
 11870 | D:10     | Found an ornate altar of the Wu Jian Council.
 12543 | D:10     | Found a staircase to the Lair.
 13331 | D:6      | Bought a scroll of identify for 28 gold pieces
 13331 | D:6      | Bought a scroll of identify for 28 gold pieces
 13331 | D:6      | Bought a scroll of identify for 28 gold pieces
 13331 | D:6      | Bought a scroll of identify for 28 gold pieces
 13340 | D:6      | Learned a level 4 spell: Anguish
 13742 | D:10     | Noticed an orange crystal statue
 13755 | D:10     | Noticed a two-headed ogre
 13767 | D:10     | Killed a two-headed ogre
 13768 | D:10     | Reached skill level 1 in Necromancy
 14047 | D:10     | Found a bloodstained altar of Trog.
 14051 | D:10     | Found a glowing silver altar of Zin.
 14052 | D:10     | Found a burning altar of Makhleb.
 14745 | D:11     | Noticed a cyclops
 14752 | D:11     | Killed a cyclops
 15029 | D:11     | Noticed a boulder beetle
 15036 | D:11     | Noticed Grum
 15037 | D:11     | Killed a boulder beetle
 15044 | D:11     | Killed Grum
 15045 | D:11     | Reached XP level 12. HP: 57/74 MP: 7/27
 15205 | D:10     | Identified a scroll of acquirement
 15205 | D:10     | Acquired a Fen Folio
 15215 | D:10     | Learned a level 7 spell: Summon Hydra
 15219 | Orc:1    | Entered Level 1 of the Orcish Mines
 15220 | Orc:1    | Noticed an orc high priest
 15282 | Lair:1   | Entered Level 1 of the Lair of Beasts
 15621 | Lair:1   | Reached ****** piety under Cheibriados
 15989 | Lair:1   | Reached skill level 5 in Necromancy
 16105 | Lair:1   | Reached skill level 15 in Summonings
 16817 | Lair:1   | Identified the +6 hand axe of the Fulmar {elec, Drain
                  | Int+5}
 17224 | Lair:1   | Reached skill level 1 in Fighting
 17224 | Lair:1   | Reached skill level 1 in Axes
 17534 | Lair:2   | Noticed a boulder beetle
 17543 | Lair:2   | Killed a boulder beetle
 17544 | Lair:2   | Reached skill level 2 in Fighting
 17832 | Lair:2   | Reached skill level 3 in Fighting
 18048 | Lair:2   | Reached skill level 4 in Fighting
 18216 | Lair:2   | Gained mutation: You can hop long distances. [Barachi
                  | growth]
 18216 | Lair:2   | Reached XP level 13. HP: 89/89 MP: 14/29
 18296 | Lair:2   | Reached skill level 5 in Dodging
 18446 | Lair:2   | Reached skill level 5 in Fighting
 18533 | Lair:2   | Found a hole to the Spider Nest.
 19367 | Lair:3   | Reached skill level 5 in Axes
 19687 | Lair:3   | Noticed Urug
 19694 | Lair:3   | Killed Urug
 19695 | Lair:3   | Reached skill level 6 in Fighting
 19907 | Lair:3   | Noticed Fannar
 19921 | Lair:3   | Killed Fannar
 20085 | Lair:3   | Reached skill level 1 in Armour
 20419 | Lair:3   | Reached skill level 7 in Fighting
 21390 | Lair:3   | Found a staircase to the Shoals.
 21826 | D:6      | Bought a faintly humming helmet for 237 gold pieces
 21826 | D:6      | Identified the +2 helmet of the Kodama {Harm rElec rCorr
                  | Str-2} (You bought it in a shop on level 6 of the Dungeon)
 22828 | D:6      | Bought a pair of warped gloves for 237 gold pieces
 22828 | D:6      | Identified the +1 pair of gloves "Utatafel" {rF+ rC+ rN+}
                  | (You bought it in a shop on level 6 of the Dungeon)
 23227 | Orc:2    | Entered Level 2 of the Orcish Mines
 23265 | Orc:2    | Found a staircase to the Elven Halls.
 23518 | Orc:2    | Reached skill level 8 in Fighting
 23771 | Orc:2    | Reached XP level 14. HP: 105/105 MP: 9/30
 23923 | Orc:2    | Found Muerr's Armour Shoppe.
 23923 | Orc:2    | Found Rupsur's Magic Scroll Shop.
 24094 | Orc:2    | Reached skill level 5 in Armour
 24215 | Orc:2    | Found Xolipn's Distillery.
 24215 | Orc:2    | Found Ufoager's Jewellery Shop.
 24489 | Orc:2    | Bought the +0 pair of boots "Ingi Zuc" {rElec rPois rCorr}
                  | for 396 gold pieces
 25070 | Lair:4   | Reached skill level 9 in Fighting
 25858 | Lair:5   | Entered Level 5 of the Lair of Beasts
 25991 | Lair:5   | Reached skill level 10 in Fighting
 26098 | Lair:5   | Found a viscous altar of Jiyva.
 26098 | Lair:5   | Found a staircase to the Slime Pits.
 26387 | Lair:5   | Reached skill level 10 in Dodging
 26406 | Lair:5   | Reached XP level 15. HP: 95/117 MP: 29/31
 27116 | Lair:5   | Reached skill level 10 in Axes
 27138 | Lair:5   | Found a burning altar of Makhleb.
 27145 | Lair:5   | Reached skill level 11 in Fighting
 27216 | Lair:5   | Found a gateway to Hell.
 27224 | Lair:5   | Identified the +7 halberd of Wuid Vueho {vamp, rPois Will-
                  | Str+3 Int+3}
 27590 | D:11     | Identified the +3 trident "Tyharch" {spect, *Noise Str+3
                  | Stlth+}
 27811 | D:12     | Found a gate leading to a gauntlet.
 27824 | Gauntlet | Entered a Gauntlet
 27824 | Gauntlet | Found the +0 mask of the Dragon {Will+ Slay+3 SInv}
 27824 | Gauntlet | Found a transporter.
 27824 | Gauntlet | Found a transporter.
 27825 | Gauntlet | Found a transporter.
 27843 | Gauntlet | Found a transporter.
 27854 | Gauntlet | Found a transporter.
 27883 | Gauntlet | Found a transporter.
 27891 | Gauntlet | Found a transporter.
 27892 | Gauntlet | Found a transporter.
 27894 | Gauntlet | Found a large runed translucent door.
 27895 | Gauntlet | Found a large runed translucent door.
 27896 | Gauntlet | Found a large runed translucent door.
 27896 | Gauntlet | Found a runed translucent door.
 27896 | Gauntlet | Found a large runed translucent door.
 27917 | Gauntlet | Found a transporter.
 27928 | Gauntlet | Found a transporter.
 27945 | Gauntlet | Found a transporter.
 27949 | Gauntlet | Found a large runed translucent door.
 27950 | Gauntlet | Found a large runed translucent door.
 27951 | Gauntlet | Found a large runed translucent door.
 27951 | Gauntlet | Found a large runed translucent door.
 27952 | Gauntlet | Found a runed translucent gate.
 27953 | Gauntlet | Found a transporter.
 27953 | Gauntlet | Found a runed translucent gate.
 27954 | Gauntlet | Found a runed translucent gate.
 27954 | Gauntlet | Found a runed translucent door.
 27955 | Gauntlet | Found a large runed translucent door.
 27955 | Gauntlet | Found a large runed translucent door.
 27956 | Gauntlet | Found a large runed translucent door.
 27956 | Gauntlet | Found a large runed translucent door.
 27957 | Gauntlet | Found a large runed translucent door.
 27957 | Gauntlet | Found a large runed translucent door.
 27967 | Gauntlet | Found a large runed translucent door.
 27968 | Gauntlet | Found a large runed translucent door.
 28241 | Gauntlet | Identified the ring "Rotrar" {Fly rN+ Int+5 Slay-4}
 28256 | Gauntlet | Identified the +4 hand axe of Scuffed Expedience
                  | {antimagic, rPois rN+ Will+ rCorr}
 28308 | Gauntlet | Got a decrepit book
 28317 | Gauntlet | Learned a level 7 spell: Monstrous Menagerie
 28772 | D:12     | Found a stormy altar of Qazlal.
 29946 | Abyss:2  | Cast into level 2 of the Abyss (a wizard)
 30030 | Abyss:2  | Noticed a tentacled starspawn
 30042 | Abyss:2  | Noticed a tentacled starspawn
 30055 | Abyss:2  | Killed a tentacled starspawn
 30113 | D:13     | Escaped the Abyss
 30361 | D:13     | Found a gate to the Vaults.
 30711 | D:14     | Noticed Rupert
 30728 | D:14     | Killed Rupert
 30993 | D:14     | Reached skill level 10 in Armour
 31092 | D:14     | Noticed Azrael
 31100 | D:14     | Reached skill level 12 in Fighting
 31108 | D:14     | Killed Azrael
 31109 | D:14     | Reached XP level 16. HP: 121/127 MP: 12/33
 31487 | D:14     | Found a radiant altar of Vehumet.
 31713 | D:14     | Learned a level 7 spell: Haunt
 31732 | D:15     | Entered Level 15 of the Dungeon
 31849 | D:15     | Noticed Josephine
 31858 | D:15     | Killed Josephine
 32277 | D:15     | Found a staircase to the Depths.
 32612 | Orc:2    | Bought the ring "Degan" {rElec rPois rF+ rC+} for 816 gold
                  | pieces
 32731 | Shoals:1 | Entered Level 1 of the Shoals
 33078 | Shoals:1 | Noticed Kirke
 33090 | Shoals:1 | Killed Kirke
 33091 | Shoals:1 | Reached skill level 13 in Fighting
 33219 | Shoals:1 | Found Cauwaud's Mass Market.
 33923 | Shoals:2 | Noticed Polyphemus
 34177 | Spider:1 | Entered Level 1 of the Spider Nest
 34419 | Depths:1 | Entered Level 1 of the Depths
 34420 | Depths:1 | Acquired the amulet of Munkeubi {Faith rElec rPois Regen+
                  | Stlth-}
 34789 | Shoals:2 | Killed Polyphemus
 36122 | Shoals:2 | Reached XP level 17. HP: 138/138 MP: 11/35
 37702 | Shoals:3 | Reached skill level 14 in Fighting
 38762 | Shoals:3 | Found a snail-covered altar of Cheibriados.
 39432 | Shoals:4 | Entered Level 4 of the Shoals
 39432 | Shoals:4 | Noticed Ilsuiw
 39590 | Shoals:4 | Reached skill level 15 in Spellcasting
 40122 | Shoals:4 | Identified the +7 plate armour "Yxoaf" {Rampage rElec rPois
                  | rN+}
 40367 | Shoals:4 | Reached skill level 1 in Shields
 40496 | Shoals:4 | Identified the +7 hand axe of the Maze {freeze, Drain rN+
                  | rCorr Int+8}
 41064 | Shoals:4 | Reached skill level 15 in Fighting
 41250 | Shoals:4 | Identified the ring of Axenn {MP+9 Str+4 Dex+3}
 41282 | Shoals:4 | Killed Ilsuiw
 41507 | Shoals:4 | Reached skill level 5 in Shields
 42503 | Shoals:4 | Got a barnacled rune of Zot
 42777 | Shoals:4 | Reached XP level 18. HP: 149/149 MP: 16/37
 46318 | Spider:3 | Identified the +0 dagger of Qerrahaur {flame, Str+5 Int+3
                  | Dex-2}
 47013 | Spider:3 | Reached skill level 16 in Fighting
 49158 | Spider:4 | Entered Level 4 of the Spider Nest
 50307 | Spider:4 | Reached skill level 1 in Invocations
 50310 | Spider:4 | Reached skill level 15 in Axes
 50691 | Spider:4 | Reached skill level 10 in Shields
 50897 | Spider:4 | Reached XP level 19. HP: 159/159 MP: 24/38
 52206 | Spider:4 | Got a gossamer rune of Zot
 52531 | Slime:1  | Entered Level 1 of the Pits of Slime
 52534 | Slime:1  | Gained mutation: Your body sometimes deteriorates upon
                  | taking damage. [a shining eye]
 52536 | Slime:1  | Gained mutation: [You occasionally shout uncontrollably at
                  | your foes.] [a shining eye]
 54807 | Slime:4  | Gained mutation: You are weak. (Str -2) [a shining eye]
 55196 | Slime:5  | Entered Level 5 of the Pits of Slime
 55257 | Slime:5  | Reached skill level 17 in Fighting
 55397 | Slime:5  | Noticed the Royal Jelly
 55878 | D:3      | Killed Crazy Yiuf
 56705 | Slime:4  | Gained mutation: Your spells are a little easier to cast,
                  | but a little less powerful. [a shining eye]
 56963 | Slime:5  | Paralysed by a great orb of eyes for 5 turns
 58220 | Slime:5  | Found a viscous altar of Jiyva.
 59819 | Elf:1    | Entered Level 1 of the Elven Halls
 59821 | Elf:1    | Identified the ring "Miqoal" {rElec rPois rF+ SInv Stlth+}
 60176 | Elf:1    | Found a runed translucent gate.
 60176 | Elf:1    | Found a runed translucent gate.
 60184 | Elf:1    | Reached XP level 20. HP: 168/168 MP: 17/39
 60190 | Elf:1    | Noticed Rakso2454's ghost (journeyman AtBe)
 60287 | Elf:1    | Found a runed translucent gate.
 60392 | Elf:1    | Paralysed by an air elemental for 1 turns
 60497 | Elf:1    | Noticed Agnes
 60503 | Elf:1    | Killed Agnes
 60680 | Elf:1    | Noticed Louise
 60683 | Abyss:2  | Cast into level 2 of the Abyss (Louise)
 61390 | Abyss:2  | Noticed a bone dragon
 61907 | Abyss:3  | Reached skill level 5 in Invocations
 61915 | Elf:1    | Escaped the Abyss
 61930 | Elf:1    | Killed Louise
 62452 | Elf:1    | Got a glossy book
 62747 | Elf:1    | Noticed Donald
 62757 | Elf:1    | Killed Donald
 63041 | Elf:1    | Found a runed translucent gate.
 63041 | Elf:1    | Found a runed translucent gate.
 63041 | Elf:1    | Found a runed translucent gate.
 63216 | Elf:1    | Learned a level 2 spell: Blink
 63241 | Elf:2    | Found Hinyimutit's Antique Armour Shoppe.
 63265 | Elf:2    | Reached skill level 1 in Translocations
 63503 | Elf:2    | Found Deceqi Fuos's Armour Emporium.
 64054 | Elf:2    | Found Pofay's Antique Weapon Boutique.
 64176 | Elf:2    | Found Fupauz's Distillery.
 64179 | Elf:2    | Paralysed by an air elemental for 1 turns
 64183 | Elf:2    | Paralysed by an air elemental for 1 turns
 64553 | Elf:2    | Found a runed translucent gate.
 64554 | Elf:2    | Found a runed translucent gate.
 64554 | Elf:2    | Found a runed translucent gate.
 64740 | Elf:1    | Found a shimmering blue altar of Sif Muna.
 65299 | Elf:2    | Reached skill level 18 in Fighting
 65945 | Elf:3    | Entered Level 3 of the Elven Halls
 65945 | Elf:3    | Found a radiant altar of Vehumet.
 66770 | Elf:3    | Reached XP level 21. HP: 177/177 MP: 21/40
 67368 | Abyss:3  | Cast into level 3 of the Abyss (a deep elf demonologist)
 67438 | Abyss:3  | Reached skill level 5 in Translocations
 67859 | Abyss:4  | Paralysed by accursed screaming for 1 turns
 68190 | Abyss:4  | Paralysed by accursed screaming for 1 turns
 68207 | Elf:3    | Escaped the Abyss
 68208 | Elf:3    | Identified the ring "Noracs" {rPois rC+ MP+9}
 69794 | Elf:3    | Identified the +0 plate armour "Oruowiuji" {rElec}
 69794 | Elf:3    | Identified the ring "Riplu" {Contam rPois Will- Dex+9
                  | Slay+4}
 70262 | Elf:3    | Identified the +5 broad axe of Parupp {freeze, rC+ MP+9}
 70263 | Elf:3    | Identified the +1 whip of Gluttony {protect, +Blink rElec
                  | rN+ Stlth-}
 70263 | Elf:3    | Identified the ring "Kotill" {rPois Str+2 Int+6}
 70286 | Abyss:4  | Found a corrupted altar of Lugonu.
 70286 | Abyss:4  | Cast into level 4 of the Abyss (a deep elf demonologist)
 70362 | Abyss:4  | Noticed a profane servitor
 70377 | Abyss:4  | Gained mutation: You are very weak. (Str -4) [a neqoxec]
 70456 | Abyss:4  | Noticed a bone dragon
 70480 | Abyss:4  | HP: 2/125 [bone dragon (13)]
 70480 | Abyss:4  | Mangled by a bone dragon

Illustrated notes

Levels and vault maps discovered:
D:1:      lemuel_arrival_rhombus, layout_basic
D:2:      minmay_general_purpose_star, layout_basic
D:3:      layout_basic, ebering_ecumenical_altar_rust, saegor_snake_ambush,
          uniq_natasha, uniq_robin, uniq_jessica, uniq_crazy_yiuf_cottage
D:4:      layout_layer_cave, old_standard_altar, minmay_temple_entry_large_hall
D:5:      layout_basic, nicolae_ru_great_annihilating_truth,
          chequers_serial_rivers_micro_c
D:6:      layout_basic, serial_shops, shop, nicolae_diamond_shop, serial_glass,
          glass_columns_a, glass_columns_a, minmay_misc_feat_enclosed
D:7:      layout_basic
D:8:      layout_loops_cross, kennysheep_nub
D:9:      layout_basic, enter_bailey_2
D:10:     layout_loops_ring, nicolae_overflow_hidden_temple, erik_lair_island,
          minivault_15, eino_curves_04, chequers_big_river
D:11:     layout_big_octagon, minmay_lizard_king, uniq_grum
D:12:     layout_long_grid, gauntlet_entry_generic,
          nicolae_qazlal_eye_of_the_storm
D:13:     layout_basic, david_vaults_1, glass_columns_c
D:14:     layout_irregular_city, grunt_decor_cap, vehumet_altar_wand_db,
          uniq_azrael, uniq_rupert
D:15:     grunt_enter_depths_giant_problem, layout_rooms, minmay_checkerbox,
          uniq_josephine
Temple:   nicolae_temple_superstar
Lair:1:   layout_cave_pods, serial_bayou_pond_e
Lair:2:   layout_chaotic_city, hellmonk_spider_entry_life_and_decay
Lair:3:   lemuel_reptile_caves, layout_regular_city, minmay_shoals_entry_beasts,
          uniq_urug, uniq_fannar
Lair:4:   layout_hall_layers, hangedman_lair_generics_rect, grunt_megastairs_3
Lair:5:   evil_forest, layout_cave_pods, nicolae_slime_entry_slimehenge
Shoals:1: layout_shoals, minmay_shop_mass, uniq_kirke
Shoals:2: nicolae_shoals_aurelia_aurita, layout_shoals, uniq_polyphemus
Shoals:3: layout_shoals, lemuel_centaur_altar
Shoals:4: shoals_end_simple, layout_shoals, shoals_ilsuiw_ice
Spider:1: layout_spider_delve
Spider:2: layout_spider_delve, drop_trap
Spider:3: nicolae_spider_hilbert_zone_3 [nicolae_spider_hilbert_4_sides_2_open,
          nicolae_spider_hilbert_3_sides_1_open,
          nicolae_spider_hilbert_3_sides_1_open,
          nicolae_spider_hilbert_3_sides_1_open,
          nicolae_spider_hilbert_3_sides_1_open,
          nicolae_spider_hilbert_4_sides_1_open,
          nicolae_spider_hilbert_4_sides_1_open,
          nicolae_spider_hilbert_4_sides_1_open,
          nicolae_spider_hilbert_4_sides_1_open,
          nicolae_spider_hilbert_4_sides_1_open,
          nicolae_spider_hilbert_4_sides_1_open,
          nicolae_spider_hilbert_4_sides_1_open,
          nicolae_spider_hilbert_4_sides_1_open,
          nicolae_spider_hilbert_3_sides_1_open,
          nicolae_spider_hilbert_3_sides_1_open,
          nicolae_spider_hilbert_3_sides_1_open,
          nicolae_spider_hilbert_3_sides_1_open],
          nicolae_spider_twisty_arc_passages
Spider:4: spider_rune_water
Slime:1:  layout_caves
Slime:2:  layout_caves
Slime:3:  layout_caves
Slime:4:  layout_caves
Slime:5:  slime_pit
Orc:1:    layout_caves
Orc:2:    st_orc_town, layout_diamond_mine, basic_altar
Elf:1:    layout_gridlike, gammafunk_ghost_split, minmay_elf_necromancy,
          drop_trap, nicolae_elf_hall_of_bonks, lemuel_upstairs_altar,
          uniq_louise, uniq_donald, uniq_agnes
Elf:2:    nicolae_elf_blades_crystal_corner, layout_rooms, serial_shops,
          nicolae_lakefront_shop, shop, shop, nicolae_shop_hallway_plus
Elf:3:    minmay_elf_hall_hex, layout_loops_ring, basic_altar, david_greed
Depths:1: layout_gridlike, grunt_hell_entry_dis_mu,
          nicolae_shop_i_like_big_books, hangedman_blasphemy
Abyss:4:  base: Lair:1, minivault_4, evilmike_abyss_exit_12,
          abyss_furniture_001, base: Elf:1, base: Elf:2,
          guppyfry_abyss_exit_glass_guarded, bh_abyss_xom_lugonu_altar,
          due_evilmike_abyss_rune_seething_liches,
          due_evilmike_abyss_rune_seething_liches,
          guppyfry_abyss_exit_imp_island, onia_ninara_dug_in_and_dangerous

Skill      XL: |  1  2  3  4  5  6  7  8  9 10 11 12 13 14 15 16 17 18 19 20 21 |
---------------+----------------------------------------------------------------+-----
Summonings     | 5 6 7 8 10 11 12 14 15 | 15.7
Spellcasting   | 3 4 5 6 7 9 10 11 12 13 14 15 | 15.9
Hexes          | 3 6 |  6.5
Air Magic      | 5 6 |  6.1
Necromancy     | 3 5 7 |  7.8
Fighting       | 4 8 10 12 13 15 16 17 18 | 18.8
Axes           | 3 7 9 11 12 14 15 16 17 | 17.3
Dodging        | 4 7 10 11 12 13 14 | 14.4
Armour         | 4 8 10 12 | 12.0
Shields        | 6 10 12 | 12.9
Invocations    | 1 4 6 7 |  7.8
Translocations | 4 6 |  6.6
Stealth        | |  1.8

Action                     |  1- 3 |  4- 6 |  7- 9 | 10-12 | 13-15 | 16-18 | 19-21 || total
---------------------------+-------+-------+-------+-------+-------+-------+-------++-------
  Melee: Unarmed           |     4 |    25 |     8 |       |       |       |       ||    37
         Punch             |       |     1 |       |       |     2 |     2 |       ||     5
         Hand axe          |       |       |       |       |    89 |   191 |   432 ||   712
   Cast: Summon Small Mamm |    42 |    33 |    33 |    77 |     7 |       |     3 ||   195
         Call Imp          |     7 |    34 |    45 |    84 |    77 |       |     4 ||   251
         Call Canine Famil |       |    23 |    39 |    84 |    97 |     3 |     9 ||   255
         Summon Guardian G |       |       |    22 |    62 |    83 |     4 |    10 ||   181
         Summon Lightning  |       |       |       |    22 |   118 |    67 |    79 ||   286
         Anguish           |       |       |       |    22 |    25 |    10 |     1 ||    58
         Summon Hydra      |       |       |       |    19 |   133 |   115 |   148 ||   415
         Monstrous Menager |       |       |       |       |    59 |   370 |   341 ||   770
         Blink             |       |       |       |       |       |       |     2 ||     2
 Invoke: Bend Time         |       |       |       |       |       |       |     1 ||     1
Ability: Hop               |       |       |       |     1 |     6 |     5 |    18 ||    30
    Use: Scroll            |       |       |     7 |    20 |     2 |     3 |    14 ||    46
         Potion            |       |       |       |     2 |     2 |     3 |    12 ||    19
   Stab: Distracted        |       |     1 |       |       |     6 |    12 |    19 ||    38
         Confused          |       |       |       |       |       |     2 |       ||     2
         Paralysed         |       |       |       |       |       |     3 |       ||     3
 Armour: Robe              |    13 |    36 |    36 |    30 |       |       |       ||   115
         Steam dragon scal |       |       |       |   155 |   174 |   255 |   487 ||  1071
         Crystal plate arm |       |       |       |       |    30 |       |       ||    30
  Dodge: Dodged            |    18 |    50 |    33 |   124 |   269 |   380 |   493 ||  1367
  Block: Buckler           |       |       |       |       |       |    55 |       ||    55
         Kite shield       |       |       |       |       |       |    50 |   426 ||   476

Table legend: (Time is in decaauts)
 A = Elapsed time spent in this place.
 B = Non-inter-level travel time spent in this place.
 C = Inter-level travel time spent in this place.
 D = Time resting spent in this place.
 E = Time spent auto-exploring this place.
 F = Levels seen in this place.
 G = Mean time per level.
                   A        B        C        D        E       F      G
               +--------+--------+--------+--------+--------+-----+--------+
         Total | 102537 |  91952 |  10585 |   1500 |  75145 |  48 | 2136.2 |
       Dungeon |  31409 |  26669 |   4740 |      0 |  22403 |  15 | 2093.9 |
        Temple |     61 |     28 |     33 |      0 |      0 |   1 |   61.0 |
          Lair |  16558 |  13723 |   2835 |      0 |  11866 |   5 | 3311.6 |
        Shoals |  13443 |  12942 |    501 |      0 |  11295 |   4 | 3360.8 |
   Spider Nest |  13287 |  12227 |   1060 |      0 |  10934 |   4 | 3321.8 |
    Slime Pits |   8051 |   7549 |    502 |      0 |   5894 |   5 | 1610.2 |
  Orcish Mines |   3715 |   3201 |    514 |      0 |   2465 |   2 | 1857.5 |
   Elven Halls |  11253 |  10856 |    397 |    532 |   8525 |   3 | 3751.0 |
        Depths |      3 |      3 |      0 |      0 |      0 |   1 |    3.0 |
         Abyss |   2873 |   2873 |      0 |    868 |    749 |   6 |  478.8 |
        Bailey |    875 |    875 |      0 |    100 |    543 |   1 |  875.0 |
      Gauntlet |   1003 |   1003 |      0 |      0 |    468 |   1 | 1003.0 |
               +--------+--------+--------+--------+--------+-----+--------+

Top non-repeatable levels by time:
    D:10: 4901 daAuts
   Elf:2: 4419 daAuts
Spider:3: 4372 daAuts
Shoals:4: 4331 daAuts
  Lair:1: 4304 daAuts
Spider:4: 4086 daAuts
     D:9: 3741 daAuts
  Lair:2: 3626 daAuts
Shoals:3: 3618 daAuts
   Elf:1: 3479 daAuts
  Lair:3: 3377 daAuts
   Elf:3: 3355 daAuts
Spider:1: 3312 daAuts
Shoals:2: 3275 daAuts
  Lair:5: 2831 daAuts
